 Dungeon Crawl Stone Soup version 0.13-a0-2808-gda3a3b1 (webtiles) character file.

367 Malachi the Ruinous (level 5, -2/33 HPs)
             Began as a Mummy Wizard on Aug 25, 2013.
             Slain by a worker ant (4 damage)
             ... on Level 4 of the Dungeon.
             The game lasted 00:08:46 (4252 turns).

Malachi the Ruinous (Mummy Wizard)                  Turns: 4252, Time: 00:08:46

HP  -2/33        AC  6     Str 14      XL: 5   Next: 33%
MP   2/12        EV 12     Int 18      God:
Gold 187         SH  0     Dex 10      Spells:  4 memorised,  2 levels left

Res.Fire  : . . .   See Invis. : .   a - +0,+1 short sword
Res.Cold  : + . .   Warding    : .   i - +2 robe {rF+}
Life Prot.: + + +   Conserve   : .   (no shield)
Res.Poison: +       Res.Corr.  : .   j - +2 wizard hat
Res.Elec. : .       Clarity    : .   (no cloak)
Sust.Abil.: . .     Spirit.Shd : .   (no gloves)
Res.Mut.  : .       Stasis     : .   (no boots)
Res.Rott. : +       Flight     : .   (no amulet)
Saprovore : . . .                    (no ring)
                                     e - +4 ring of strength

@: very slightly contaminated, slightly resistant to hostile enchantments,
unstealthy
A: no food or potions, fire vulnerability, restore body, cold resistance 1, life
protection 3, poison resistance, torment resistance, unbreathing
a: no special abilities


You were on level 4 of the Dungeon.
You were not hungry.

You visited 1 branch of the dungeon, and saw 4 of its levels.

You collected 167 gold pieces.

Inventory:

Hand weapons
 a - a +0,+1 short sword (weapon)
Armour
 i - a +2 robe of fire resistance (worn)
 j - a +2 wizard hat (worn)
Magical devices
 l - a wand of flame (8)
Scrolls
 d - a scroll of enchant weapon II
 m - 2 scrolls of identify
Jewellery
 b - a cursed -3 ring of dexterity
 e - a +4 ring of strength (left hand)
 g - an uncursed ring of ice
 k - an uncursed ring of ice
 o - a cursed ring of teleportation {unknown}
Books
 c - a book of Minor Magic

   Spells                             Type                      Level
   *Magic Dart                        Conjuration                  1
   *Blink                             Translocation                2
   *Call Imp                          Summoning                    2
   Repel Missiles                     Charms/Air                   2
   Slow                               Hexes                        2
   *Conjure Flame                     Conjuration/Fire             3
   Mephitic Cloud                     Conjuration/Poison/Air       3


   Skills:
 - Level 1.5 Dodging
 - Level 1.5 Stealth
 - Level 3.0 Spellcasting
 * Level 4.4 Conjurations
 + Level 0.7 Summonings
 + Level 0.7 Translocations


You had 2 spell levels left.
You knew the following spells:

 Your Spells              Type           Power        Failure   Level  Hunger
a - Magic Dart            Conj           ###.         2%          1    N/A
b - Blink                 Tloc           N/A          21%         2    N/A
c - Call Imp              Summ           #.........   21%         2    N/A
d - Conjure Flame         Conj/Fire      ##......     24%         3    N/A

Dungeon Overview and Level Annotations

Branches:
Dungeon (4/27)
 Temple: D:4-7

Altars:
Yredelemnul


Innate Abilities, Weirdness & Mutations

You do not eat or drink.
Your flesh is vulnerable to fire.
Your flesh is cold resistant.
You are immune to negative energy.
Your system is resistant to poisons.
You are immune to unholy pain and torment.
You can survive without breathing.


Message History

Press: ? - help, Shift-Dir - straight line, f/p - worker ant
Aim: a worker ant (severely wounded)
The puff of flame hits the worker ant.
The worker ant is severely wounded.
The giant newt bites you but does no damage.
The worker ant completely misses you.
Evoke which item? (* to show all) (? for menu, Esc to quit)
Zapping:
l - a wand of flame {zapped: 3}
Press: ? - help, Shift-Dir - straight line, f/p - worker ant
Aim: a worker ant (severely wounded)
The puff of flame misses the worker ant.
The giant newt misses you. The worker ant barely misses you.
Evoke which item? (* to show all) (? for menu, Esc to quit)
Zapping:
l - a wand of flame {zapped: 4}
Press: ? - help, Shift-Dir - straight line, f/p - worker ant
Aim: a worker ant (severely wounded)
The puff of flame hits the worker ant.
The worker ant is almost dead.
The worker ant bites you.
You die...

##################
.................#
.........l........#
# #..@a........# ..
#..########..# ....
#..# #..# .....
#..# #..#
......#..# #..#
......#..# #..#
#......'..# #..#
..!...#..# #..#
.########..# #..#


You could see a worker ant and a giant newt.

Vanquished Creatures
  A black bear skeleton (D:4)
  Ijyb (D:2)
  7 adders
  4 giant geckos
  4 orcs (D:3)
  2 giant cockroaches (D:2)
  7 hobgoblins
  7 jackals
  2 ball pythons
  11 bats
  A gnoll skeleton (D:4)
  8 goblins
  9 kobolds
  6 rats
  A spectral orc (D:3)
71 creatures vanquished.

Notes
Turn   | Place    | Note
--------------------------------------------------------------
     0 | D:1      | Malachi, the Mummy Wizard, began the quest for the Orb.
     0 | D:1      | Reached XP level 1. HP: 11/11 MP: 5/5
     6 | D:1      | Reached skill level 1 in Conjurations
   537 | D:1      | Reached XP level 2. HP: 17/17 MP: 5/7
   965 | D:1      | Reached XP level 3. HP: 22/22 MP: 9/9
  1939 | D:2      | Reached XP level 4. HP: 22/28 MP: 7/11
  2243 | D:2      | Noticed Ijyb
  2254 | D:2      | Killed Ijyb
  2913 | D:2      | Learned a level 2 spell: Blink
  2917 | D:2      | Learned a level 3 spell: Conjure Flame
  2920 | D:2      | Learned a level 2 spell: Call Imp
  3403 | D:3      | Reached skill level 4 in Conjurations
  3431 | D:3      | Reached XP level 5. HP: 33/33 MP: 10/12
  3560 | D:3      | Found a basalt altar of Yredelemnul.
  4252 | D:4      | Slain by a worker ant

Action                   |  1- 3 |  4- 6 || total
-------------------------+-------+-------++-------
Melee: Short sword       |    59 |    25 ||    84
 Cast: Magic Dart        |    73 |    79 ||   152
       Blink             |       |     2 ||     2
Evoke: Wand              |       |     5 ||     5
  Use: Scroll            |     4 |     9 ||    13
 Stab: Sleeping          |     2 |       ||     2
